 Dungeon Crawl Stone Soup version 0.31-a0-4-gefa6de2278 (webtiles) character file.

Game seed: 10875810155279663223

32 Dadi the Trooper (level 3, 0/24 HPs)
             Began as a Gargoyle Monk on May 4, 2023.
             Slain by a goblin
             ... wielding a +0 club
             ... led by Robin
              (1 damage)
             ... on level 2 of the Dungeon.
             The game lasted 00:01:33 (1588 turns).

Dadi the Trooper (Gargoyle Monk)                    Turns: 1588, Time: 00:01:34

Health: 0/24       AC:  5    Str: 16    XL:     3   Next: 27%
Magic:  3/3        EV:  9    Int: 10    God:
Gold:   173        SH:  0    Dex: 12    Spells: 2/2 levels left

rFire   . . .        a - +0 mace
rCold   . . .        d - orb {light}
rNeg    + . .        b - +0 robe
rPois   ∞            (no helmet)
rElec   +            (no cloak)
rCorr   .            (no gloves)
SInv    .            (no boots)
Will    .....        l - amulet of magic regeneration
Stlth   +            (no ring)
HPRegen 0.24/turn    (no ring)
MPRegen 0.48/turn

%: no passive effects
@: grasped by roots, glowing, constricted
A: sickness immunity, AC +3, negative energy resistance 1, electricity
resistance, torment resistance 1, petrification resistance
a: no special abilities


You were on level 2 of the Dungeon.
You visited 1 branch of the dungeon, and saw 3 of its levels.

You collected 173 gold pieces.

Inventory:

Hand Weapons
 a - a +0 mace (weapon)
Armour
 b - a +0 robe (worn)
 d - an orb of light (worn)
Jewellery
 l - an amulet of magic regeneration (around neck)
Scrolls
 f - 2 scrolls of fog {unknown}
 g - 2 scrolls of identify {unknown}
 j - a scroll of fear {unknown}
 k - 2 scrolls of blinking {unknown}
 n - 3 scrolls of teleportation {unknown}
 o - a scroll of noise {unknown}
Potions
 c - a potion of ambrosia
 e - a potion of magic {unknown}
 h - a potion of heal wounds {unknown}
 i - a potion of mutation {unknown}
 m - a potion of attraction {unknown}
 p - 2 potions of flight {unknown}
 q - 2 potions of curing {unknown}


   Skills:
 + Level 4.0 Fighting
 + Level 3.7 Maces & Flails
 - Level 2.4 Dodging


You had 2 spell levels left.
You didn't know any spells.
Your spell library contained the following spells:

 Spells                   Type           Power      Damage    Failure   Level
 Dazzling Flash           Conj/Hex       0%         N/A       75%         3
 Inner Flame              Hex/Fire       0%         N/A       75%         3
 Yara's Violent Unravell  Hex/Tmut       0%         3d3       100%        5


Dungeon Overview and Level Annotations

Branches:
Dungeon (3/15)

Altars:

Shops:
D:1 *

Annotations:
D:2 Sigmund
D:3 Robin


Innate Abilities, Weirdness & Mutations

You are immune to sickness and miasma.
Your stone body is resilient. (AC +3)
You are immune to poison.
You resist negative energy. (rN+)
You are resistant to electric shocks. (rElec)
You are resistant to unholy torment.
You are immune to petrification.


Message History

You hear a shout!
The goblin attacks as you move away! The goblin hits you but does no damage.
The goblin attacks as you move away! The goblin hits you but does no damage.
There is a stone staircase leading up here.
You hit the goblin.
The goblin is moderately wounded.
The goblin hits you but does no damage.
You hit the goblin but do no damage.
The goblin is moderately wounded.
The goblin closely misses you.
You hit the goblin.
The goblin is heavily wounded.
The goblin closely misses you.
You hit the goblin.
You kill the goblin!
A goblin comes into view. It is wielding a +0 club.
Robin throws the goblin at you!
The goblin shouts!
You thump the goblin!
You kill the goblin!
The goblin closely misses you.
Robin roars a battlecry!
The goblins go into a battle-frenzy!
The goblin hits you with a +0 club. x2
You hear a shout!
The goblin hits you but does no damage. The goblin hits you with a +0 club.
You climb upwards.
Level annotation: Sigmund Sigmund zaps a wand.
The roots erupt in riotous growth!
The goblin is unaffected.
The grasping roots grab you! The grasping roots constrict you.
* * * LOW HITPOINT WARNING * * *
There is a stone staircase leading down here.
You hit the goblin.
The goblin is moderately wounded.
The grasping roots constrict you.
* * * LOW HITPOINT WARNING * * *
The goblin hits you with a +0 club.
You die...

#.# #.#
#.# #.#
####.####
#.#
........#
#.#
.###.##.#
#.# .#
#.##.#
#@#
.###.##.#
#.#
..##.##.#
#g#
..##.##.#
#@#
.<##.##.#
#g#
........#
#.#
####.####
#.# #.#
#.# #.#
#.# #.#
#.# #.#
#.# #.#
#.#


You could see Sigmund and 2 goblins.

Vanquished Creatures
  An adder (D:2)
  3 bats
  4 endoplasms
  2 giant cockroaches (D:1)
  3 goblins
  A quokka (D:1)
  A ball python (D:2)
  A frilled lizard (D:2)
  2 kobolds (D:1)
  3 rats
21 creatures vanquished.

Notes
Turn   | Place    | Note
-------+----------+-------------------------------------------
     0 | D:1      | Dadi the Gargoyle Monk began the quest for the Orb.
     0 | D:1      | Reached XP level 1. HP: 14/14 MP: 1/1
    37 | D:1      | Found Huppiwam's General Store.
   277 | D:1      | Found a faded altar of an unknown god.
   451 | D:1      | Reached XP level 2. HP: 16/19 MP: 2/2
   690 | D:1      | Got the Treatise on Malediction and Lava
   832 | D:2      | Reached XP level 3. HP: 20/24 MP: 3/3
   850 | D:2      | Reached skill level 4 in Fighting
  1548 | D:2      | Noticed Sigmund
  1576 | D:3      | Noticed Robin
  1588 | D:2      | HP: 1/24 [constriction (6)]
  1588 | D:2      | Slain by a goblin

Illustrated notes

Levels and vault maps discovered:
D:1:      nicolae_arrival_memento_mori, layout_basic,
          shapermc_ecumenical_altar_venn, serial_shops, nicolae_shop_waterfront
D:2:      layout_basic, uniq_sigmund
D:3:      layout_basic, gammafunk_temple_overflow_elements, marbit_many_paths,
          serial_glass, glass_columns_c, glass_columns_a, glass_columns_b,
          glass_columns_a, glass_columns_a, glass_columns_c,
          hangedman_decor_push, grunt_decor_cap, chequers_serial_rivers_small_a,
          grunt_ministairs_15, dreamdust_wishing_well, minmay_crystal_room,
          uniq_jessica, uniq_ijyb, uniq_robin

Skill      XL: |  1  2  3 |
---------------+----------+-----
Fighting       | 4 |  4.0
Maces & Flails | |  3.7
Dodging        | |  2.4

Action                     || total
---------------------------++-------
  Melee: Mace              ||    53
 Armour: Robe              ||    21
  Dodge: Dodged            ||    38

Table legend: (Time is in decaauts)
 A = Elapsed time spent in this place.
 B = Non-inter-level travel time spent in this place.
 C = Inter-level travel time spent in this place.
 D = Time resting spent in this place.
 E = Time spent auto-exploring this place.
 F = Levels seen in this place.
 G = Mean time per level.
                   A        B        C        D        E       F      G
               +--------+--------+--------+--------+--------+-----+--------+
         Total |   1601 |   1588 |     13 |     14 |   1386 |   3 |  533.7 |
       Dungeon |   1601 |   1588 |     13 |     14 |   1386 |   3 |  533.7 |
               +--------+--------+--------+--------+--------+-----+--------+

Top non-repeatable levels by time:
     D:2: 825 daAuts
     D:1: 745 daAuts
     D:3: 29 daAuts
